Workbook

Sheet Instructions
B2: Annual Budget Planner
B4: A 12-month planning workbook. Each month has its own budget sheet, and the Annual Summary rolls everything up.
B6: HOW TO USE THIS TEMPLATE
B7: 1. Start on the Annual Summary sheet to set your yearly targets per category.
B8: 2. Use the month tabs (Jan–Dec) to track budget vs actual as the year progresses.
B9: 3. Every month sheet uses the same category list, so totals always line up.
B10: 4. The summary sheet totals all 12 months with SUM formulas.
B12: WHAT'S INCLUDED
B13: • 12 individual monthly budget sheets (Jan–Dec)
B14: • Annual summary with year-to-date totals
B15: • Budget vs actual variance for every month
B16: • Consistent category structure across all sheets
... B21: © 2026 Healora Studio. Free for personal and commercial use.

Sheet Annual Summary
A1: Annual Budget Summary
A2: Year totals per category, pulled from every month sheet.
A4: Category | B4: Jan | C4: Feb | D4: Mar | E4: Apr | F4: May | G4: Jun | H4: Jul | I4: Aug | J4: Sep | K4: Oct | L4: Nov | M4: Dec | N4: Year Total
A5: Revenue / Income | B5: =Jan!B5 | C5: =Feb!B5 | D5: =Mar!B5 | E5: =Apr!B5 | F5: =May!B5 | G5: =Jun!B5 | H5: =Jul!B5 | I5: =Aug!B5 | J5: =Sep!B5 | K5: =Oct!B5 | L5: =Nov!B5 | M5: =Dec!B5 | N5: =SUM(B5:M5)
A6: Payroll | B6: =Jan!B6 | C6: =Feb!B6 | D6: =Mar!B6 | E6: =Apr!B6 | F6: =May!B6 | G6: =Jun!B6 | H6: =Jul!B6 | I6: =Aug!B6 | J6: =Sep!B6 | K6: =Oct!B6 | L6: =Nov!B6 | M6: =Dec!B6 | N6: =SUM(B6:M6)
A7: Rent & Utilities | B7: =Jan!B7 | C7: =Feb!B7 | D7: =Mar!B7 | E7: =Apr!B7 | F7: =May!B7 | G7: =Jun!B7 | H7: =Jul!B7 | I7: =Aug!B7 | J7: =Sep!B7 | K7: =Oct!B7 | L7: =Nov!B7 | M7: =Dec!B7 | N7: =SUM(B7:M7)
A8: Software & Subscriptions | B8: =Jan!B8 | C8: =Feb!B8 | D8: =Mar!B8 | E8: =Apr!B8 | F8: =May!B8 | G8: =Jun!B8 | H8: =Jul!B8 | I8: =Aug!B8 | J8: =Sep!B8 | K8: =Oct!B8 | L8: =Nov!B8 | M8: =Dec!B8 | N8: =SUM(B8:M8)
A9: Marketing & Ads | B9: =Jan!B9 | C9: =Feb!B9 | D9: =Mar!B9 | E9: =Apr!B9 | F9: =May!B9 | G9: =Jun!B9 | H9: =Jul!B9 | I9: =Aug!B9 | J9: =Sep!B9 | K9: =Oct!B9 | L9: =Nov!B9 | M9: =Dec!B9 | N9: =SUM(B9:M9)
A10: Travel | B10: =Jan!B10 | C10: =Feb!B10 | D10: =Mar!B10 | E10: =Apr!B10 | F10: =May!B10 | G10: =Jun!B10 | H10: =Jul!B10 | I10: =Aug!B10 | J10: =Sep!B10 | K10: =Oct!B10 | L10: =Nov!B10 | M10: =Dec!B10 | N10: =SUM(B10:M10)
A11: Professional Services | B11: =Jan!B11 | C11: =Feb!B11 | D11: =Mar!B11 | E11: =Apr!B11 | F11: =May!B11 | G11: =Jun!B11 | H11: =Jul!B11 | I11: =Aug!B11 | J11: =Sep!B11 | K11: =Oct!B11 | L11: =Nov!B11 | M11: =Dec!B11 | N11: =SUM(B11:M11)
A12: Insurance | B12: =Jan!B12 | C12: =Feb!B12 | D12: =Mar!B12 | E12: =Apr!B12 | F12: =May!B12 | G12: =Jun!B12 | H12: =Jul!B12 | I12: =Aug!B12 | J12: =Sep!B12 | K12: =Oct!B12 | L12: =Nov!B12 | M12: =Dec!B12 | N12: =SUM(B12:M12)
A13: Equipment | B13: =Jan!B13 | C13: =Feb!B13 | D13: =Mar!B13 | E13: =Apr!B13 | F13: =May!B13 | G13: =Jun!B13 | H13: =Jul!B13 | I13: =Aug!B13 | J13: =Sep!B13 | K13: =Oct!B13 | L13: =Nov!B13 | M13: =Dec!B13 | N13: =SUM(B13:M13)
A14: Office Supplies | B14: =Jan!B14 | C14: =Feb!B14 | D14: =Mar!B14 | E14: =Apr!B14 | F14: =May!B14 | G14: =Jun!B14 | H14: =Jul!B14 | I14: =Aug!B14 | J14: =Sep!B14 | K14: =Oct!B14 | L14: =Nov!B14 | M14: =Dec!B14 | N14: =SUM(B14:M14)
A15: Taxes | B15: =Jan!B15 | C15: =Feb!B15 | D15: =Mar!B15 | E15: =Apr!B15 | F15: =May!B15 | G15: =Jun!B15 | H15: =Jul!B15 | I15: =Aug!B15 | J15: =Sep!B15 | K15: =Oct!B15 | L15: =Nov!B15 | M15: =Dec!B15 | N15: =SUM(B15:M15)
A16: Miscellaneous | B16: =Jan!B16 | C16: =Feb!B16 | D16: =Mar!B16 | E16: =Apr!B16 | F16: =May!B16 | G16: =Jun!B16 | H16: =Jul!B16 | I16: =Aug!B16 | J16: =Sep!B16 | K16: =Oct!B16 | L16: =Nov!B16 | M16: =Dec!B16 | N16: =SUM(B16:M16)
A17: TOTAL | B17: =SUM(B5:B16) | C17: =SUM(C5:C16) | D17: =SUM(D5:D16) | E17: =SUM(E5:E16) | F17: =SUM(F5:F16) | G17: =SUM(G5:G16) | H17: =SUM(H5:H16) | I17: =SUM(I5:I16) | ... N17: =SUM(N5:N16)
A20: © 2026 SheetMaster Hub by Healora Studio — healorastudio.com

Sheet Jan
A1: Jan Budget — Budget vs Actual
A2: Enter your plan and actuals; variance calculates automatically.
A4: Category | B4: Budget | C4: Actual | D4: Variance
A5: Revenue / Income | B5: 0 | C5: 0 | D5: =B5-C5
A6: Payroll | B6: 0 | C6: 0 | D6: =B6-C6
A7: Rent & Utilities | B7: 0 | C7: 0 | D7: =B7-C7
A8: Software & Subscriptions | B8: 0 | C8: 0 | D8: =B8-C8
A9: Marketing & Ads | B9: 0 | C9: 0 | D9: =B9-C9
A10: Travel | B10: 0 | C10: 0 | D10: =B10-C10
A11: Professional Services | B11: 0 | C11: 0 | D11: =B11-C11
A12: Insurance | B12: 0 | C12: 0 | D12: =B12-C12
A13: Equipment | B13: 0 | C13: 0 | D13: =B13-C13
A14: Office Supplies | B14: 0 | C14: 0 | D14: =B14-C14
A15: Taxes | B15: 0 | C15: 0 | D15: =B15-C15
A16: Miscellaneous | B16: 0 | C16: 0 | D16: =B16-C16
A17: TOTAL | B17: =SUM(B5:B16) | C17: =SUM(C5:C16) | D17: =SUM(D5:D16)

Sheet Feb
A1: Feb Budget — Budget vs Actual
A2: Enter your plan and actuals; variance calculates automatically.
A4: Category | B4: Budget | C4: Actual | D4: Variance
A5: Revenue / Income | B5: 0 | C5: 0 | D5: =B5-C5
A6: Payroll | B6: 0 | C6: 0 | D6: =B6-C6
A7: Rent & Utilities | B7: 0 | C7: 0 | D7: =B7-C7
A8: Software & Subscriptions | B8: 0 | C8: 0 | D8: =B8-C8
A9: Marketing & Ads | B9: 0 | C9: 0 | D9: =B9-C9
A10: Travel | B10: 0 | C10: 0 | D10: =B10-C10
A11: Professional Services | B11: 0 | C11: 0 | D11: =B11-C11
A12: Insurance | B12: 0 | C12: 0 | D12: =B12-C12
A13: Equipment | B13: 0 | C13: 0 | D13: =B13-C13
A14: Office Supplies | B14: 0 | C14: 0 | D14: =B14-C14
A15: Taxes | B15: 0 | C15: 0 | D15: =B15-C15
A16: Miscellaneous | B16: 0 | C16: 0 | D16: =B16-C16
A17: TOTAL | B17: =SUM(B5:B16) | C17: =SUM(C5:C16) | D17: =SUM(D5:D16)

Sheet Mar
A1: Mar Budget — Budget vs Actual
A2: Enter your plan and actuals; variance calculates automatically.
A4: Category | B4: Budget | C4: Actual | D4: Variance
A5: Revenue / Income | B5: 0 | C5: 0 | D5: =B5-C5
A6: Payroll | B6: 0 | C6: 0 | D6: =B6-C6
A7: Rent & Utilities | B7: 0 | C7: 0 | D7: =B7-C7
A8: Software & Subscriptions | B8: 0 | C8: 0 | D8: =B8-C8
A9: Marketing & Ads | B9: 0 | C9: 0 | D9: =B9-C9
A10: Travel | B10: 0 | C10: 0 | D10: =B10-C10
A11: Professional Services | B11: 0 | C11: 0 | D11: =B11-C11
A12: Insurance | B12: 0 | C12: 0 | D12: =B12-C12
A13: Equipment | B13: 0 | C13: 0 | D13: =B13-C13
A14: Office Supplies | B14: 0 | C14: 0 | D14: =B14-C14
A15: Taxes | B15: 0 | C15: 0 | D15: =B15-C15
A16: Miscellaneous | B16: 0 | C16: 0 | D16: =B16-C16
A17: TOTAL | B17: =SUM(B5:B16) | C17: =SUM(C5:C16) | D17: =SUM(D5:D16)

Sheet Apr
A1: Apr Budget — Budget vs Actual
A2: Enter your plan and actuals; variance calculates automatically.
A4: Category | B4: Budget | C4: Actual | D4: Variance
A5: Revenue / Income | B5: 0 | C5: 0 | D5: =B5-C5
A6: Payroll | B6: 0 | C6: 0 | D6: =B6-C6
A7: Rent & Utilities | B7: 0 | C7: 0 | D7: =B7-C7
A8: Software & Subscriptions | B8: 0 | C8: 0 | D8: =B8-C8
A9: Marketing & Ads | B9: 0 | C9: 0 | D9: =B9-C9
A10: Travel | B10: 0 | C10: 0 | D10: =B10-C10
A11: Professional Services | B11: 0 | C11: 0 | D11: =B11-C11
A12: Insurance | B12: 0 | C12: 0 | D12: =B12-C12
A13: Equipment | B13: 0 | C13: 0 | D13: =B13-C13
A14: Office Supplies | B14: 0 | C14: 0 | D14: =B14-C14
A15: Taxes | B15: 0 | C15: 0 | D15: =B15-C15
A16: Miscellaneous | B16: 0 | C16: 0 | D16: =B16-C16
A17: TOTAL | B17: =SUM(B5:B16) | C17: =SUM(C5:C16) | D17: =SUM(D5:D16)

Sheet May
A1: May Budget — Budget vs Actual
A2: Enter your plan and actuals; variance calculates automatically.
A4: Category | B4: Budget | C4: Actual | D4: Variance
A5: Revenue / Income | B5: 0 | C5: 0 | D5: =B5-C5
A6: Payroll | B6: 0 | C6: 0 | D6: =B6-C6
A7: Rent & Utilities | B7: 0 | C7: 0 | D7: =B7-C7
A8: Software & Subscriptions | B8: 0 | C8: 0 | D8: =B8-C8
A9: Marketing & Ads | B9: 0 | C9: 0 | D9: =B9-C9
A10: Travel | B10: 0 | C10: 0 | D10: =B10-C10
A11: Professional Services | B11: 0 | C11: 0 | D11: =B11-C11
A12: Insurance | B12: 0 | C12: 0 | D12: =B12-C12
A13: Equipment | B13: 0 | C13: 0 | D13: =B13-C13
A14: Office Supplies | B14: 0 | C14: 0 | D14: =B14-C14
A15: Taxes | B15: 0 | C15: 0 | D15: =B15-C15
A16: Miscellaneous | B16: 0 | C16: 0 | D16: =B16-C16
A17: TOTAL | B17: =SUM(B5:B16) | C17: =SUM(C5:C16) | D17: =SUM(D5:D16)

Sheet Jun
A1: Jun Budget — Budget vs Actual
A2: Enter your plan and actuals; variance calculates automatically.
A4: Category | B4: Budget | C4: Actual | D4: Variance
A5: Revenue / Income | B5: 0 | C5: 0 | D5: =B5-C5
A6: Payroll | B6: 0 | C6: 0 | D6: =B6-C6
A7: Rent & Utilities | B7: 0 | C7: 0 | D7: =B7-C7
A8: Software & Subscriptions | B8: 0 | C8: 0 | D8: =B8-C8
A9: Marketing & Ads | B9: 0 | C9: 0 | D9: =B9-C9
A10: Travel | B10: 0 | C10: 0 | D10: =B10-C10
A11: Professional Services | B11: 0 | C11: 0 | D11: =B11-C11
A12: Insurance | B12: 0 | C12: 0 | D12: =B12-C12
A13: Equipment | B13: 0 | C13: 0 | D13: =B13-C13
A14: Office Supplies | B14: 0 | C14: 0 | D14: =B14-C14
A15: Taxes | B15: 0 | C15: 0 | D15: =B15-C15
A16: Miscellaneous | B16: 0 | C16: 0 | D16: =B16-C16
A17: TOTAL | B17: =SUM(B5:B16) | C17: =SUM(C5:C16) | D17: =SUM(D5:D16)

Sheet Jul
A1: Jul Budget — Budget vs Actual
A2: Enter your plan and actuals; variance calculates automatically.
A4: Category | B4: Budget | C4: Actual | D4: Variance
A5: Revenue / Income | B5: 0 | C5: 0 | D5: =B5-C5
A6: Payroll | B6: 0 | C6: 0 | D6: =B6-C6
A7: Rent & Utilities | B7: 0 | C7: 0 | D7: =B7-C7
A8: Software & Subscriptions | B8: 0 | C8: 0 | D8: =B8-C8
A9: Marketing & Ads | B9: 0 | C9: 0 | D9: =B9-C9
A10: Travel | B10: 0 | C10: 0 | D10: =B10-C10
A11: Professional Services | B11: 0 | C11: 0 | D11: =B11-C11
A12: Insurance | B12: 0 | C12: 0 | D12: =B12-C12
A13: Equipment | B13: 0 | C13: 0 | D13: =B13-C13
A14: Office Supplies | B14: 0 | C14: 0 | D14: =B14-C14
A15: Taxes | B15: 0 | C15: 0 | D15: =B15-C15
A16: Miscellaneous | B16: 0 | C16: 0 | D16: =B16-C16
A17: TOTAL | B17: =SUM(B5:B16) | C17: =SUM(C5:C16) | D17: =SUM(D5:D16)

Sheet Aug
A1: Aug Budget — Budget vs Actual
A2: Enter your plan and actuals; variance calculates automatically.
A4: Category | B4: Budget | C4: Actual | D4: Variance
A5: Revenue / Income | B5: 0 | C5: 0 | D5: =B5-C5
A6: Payroll | B6: 0 | C6: 0 | D6: =B6-C6
A7: Rent & Utilities | B7: 0 | C7: 0 | D7: =B7-C7
A8: Software & Subscriptions | B8: 0 | C8: 0 | D8: =B8-C8
A9: Marketing & Ads | B9: 0 | C9: 0 | D9: =B9-C9
A10: Travel | B10: 0 | C10: 0 | D10: =B10-C10
A11: Professional Services | B11: 0 | C11: 0 | D11: =B11-C11
A12: Insurance | B12: 0 | C12: 0 | D12: =B12-C12
A13: Equipment | B13: 0 | C13: 0 | D13: =B13-C13
A14: Office Supplies | B14: 0 | C14: 0 | D14: =B14-C14
A15: Taxes | B15: 0 | C15: 0 | D15: =B15-C15
A16: Miscellaneous | B16: 0 | C16: 0 | D16: =B16-C16
A17: TOTAL | B17: =SUM(B5:B16) | C17: =SUM(C5:C16) | D17: =SUM(D5:D16)

Sheet Sep
A1: Sep Budget — Budget vs Actual
A2: Enter your plan and actuals; variance calculates automatically.
A4: Category | B4: Budget | C4: Actual | D4: Variance
A5: Revenue / Income | B5: 0 | C5: 0 | D5: =B5-C5
A6: Payroll | B6: 0 | C6: 0 | D6: =B6-C6
A7: Rent & Utilities | B7: 0 | C7: 0 | D7: =B7-C7
A8: Software & Subscriptions | B8: 0 | C8: 0 | D8: =B8-C8
A9: Marketing & Ads | B9: 0 | C9: 0 | D9: =B9-C9
A10: Travel | B10: 0 | C10: 0 | D10: =B10-C10
A11: Professional Services | B11: 0 | C11: 0 | D11: =B11-C11
A12: Insurance | B12: 0 | C12: 0 | D12: =B12-C12
A13: Equipment | B13: 0 | C13: 0 | D13: =B13-C13
A14: Office Supplies | B14: 0 | C14: 0 | D14: =B14-C14
A15: Taxes | B15: 0 | C15: 0 | D15: =B15-C15
A16: Miscellaneous | B16: 0 | C16: 0 | D16: =B16-C16
A17: TOTAL | B17: =SUM(B5:B16) | C17: =SUM(C5:C16) | D17: =SUM(D5:D16)

Sheet Oct
A1: Oct Budget — Budget vs Actual
A2: Enter your plan and actuals; variance calculates automatically.
A4: Category | B4: Budget | C4: Actual | D4: Variance
A5: Revenue / Income | B5: 0 | C5: 0 | D5: =B5-C5
A6: Payroll | B6: 0 | C6: 0 | D6: =B6-C6
A7: Rent & Utilities | B7: 0 | C7: 0 | D7: =B7-C7
A8: Software & Subscriptions | B8: 0 | C8: 0 | D8: =B8-C8
A9: Marketing & Ads | B9: 0 | C9: 0 | D9: =B9-C9
A10: Travel | B10: 0 | C10: 0 | D10: =B10-C10
A11: Professional Services | B11: 0 | C11: 0 | D11: =B11-C11
A12: Insurance | B12: 0 | C12: 0 | D12: =B12-C12
A13: Equipment | B13: 0 | C13: 0 | D13: =B13-C13
A14: Office Supplies | B14: 0 | C14: 0 | D14: =B14-C14
A15: Taxes | B15: 0 | C15: 0 | D15: =B15-C15
A16: Miscellaneous | B16: 0 | C16: 0 | D16: =B16-C16
A17: TOTAL | B17: =SUM(B5:B16) | C17: =SUM(C5:C16) | D17: =SUM(D5:D16)

Sheet Nov
A1: Nov Budget — Budget vs Actual
A2: Enter your plan and actuals; variance calculates automatically.
A4: Category | B4: Budget | C4: Actual | D4: Variance
A5: Revenue / Income | B5: 0 | C5: 0 | D5: =B5-C5
A6: Payroll | B6: 0 | C6: 0 | D6: =B6-C6
A7: Rent & Utilities | B7: 0 | C7: 0 | D7: =B7-C7
A8: Software & Subscriptions | B8: 0 | C8: 0 | D8: =B8-C8
A9: Marketing & Ads | B9: 0 | C9: 0 | D9: =B9-C9
A10: Travel | B10: 0 | C10: 0 | D10: =B10-C10
A11: Professional Services | B11: 0 | C11: 0 | D11: =B11-C11
A12: Insurance | B12: 0 | C12: 0 | D12: =B12-C12
A13: Equipment | B13: 0 | C13: 0 | D13: =B13-C13
A14: Office Supplies | B14: 0 | C14: 0 | D14: =B14-C14
A15: Taxes | B15: 0 | C15: 0 | D15: =B15-C15
A16: Miscellaneous | B16: 0 | C16: 0 | D16: =B16-C16
A17: TOTAL | B17: =SUM(B5:B16) | C17: =SUM(C5:C16) | D17: =SUM(D5:D16)

Sheet Dec
A1: Dec Budget — Budget vs Actual
A2: Enter your plan and actuals; variance calculates automatically.
A4: Category | B4: Budget | C4: Actual | D4: Variance
A5: Revenue / Income | B5: 0 | C5: 0 | D5: =B5-C5
A6: Payroll | B6: 0 | C6: 0 | D6: =B6-C6
A7: Rent & Utilities | B7: 0 | C7: 0 | D7: =B7-C7
A8: Software & Subscriptions | B8: 0 | C8: 0 | D8: =B8-C8
A9: Marketing & Ads | B9: 0 | C9: 0 | D9: =B9-C9
A10: Travel | B10: 0 | C10: 0 | D10: =B10-C10
A11: Professional Services | B11: 0 | C11: 0 | D11: =B11-C11
A12: Insurance | B12: 0 | C12: 0 | D12: =B12-C12
A13: Equipment | B13: 0 | C13: 0 | D13: =B13-C13
A14: Office Supplies | B14: 0 | C14: 0 | D14: =B14-C14
A15: Taxes | B15: 0 | C15: 0 | D15: =B15-C15
A16: Miscellaneous | B16: 0 | C16: 0 | D16: =B16-C16
A17: TOTAL | B17: =SUM(B5:B16) | C17: =SUM(C5:C16) | D17: =SUM(D5:D16)
